 Seeded DCSS version 0.30-a0-272-gf98c3da03f (webtiles) character file.

Game seed: 20221016 (custom seed)

4010 a11behringer the Cleaver (level 10, -2/135 HPs)
             Began as a Minotaur Berserker on Oct 16, 2022.
             Was an Elder of Trog.
             Slain by a wolf (8 damage)
             ... led by Grum
             ... on level 8 of the Dungeon.
             The game lasted 00:17:52 (6721 turns).

a11behringer the Cleaver (Minotaur Berserker)       Turns: 6721, Time: 00:17:53

Health: -2/135     AC: 13    Str: 25    XL:     10   Next: 3%
Magic:  9/9        EV:  9    Int:  4    God:    Trog [****..]
Gold:   546        SH:  4    Dex: 11    Spells: 9/9 levels left

rFire   . . .      SeeInvis .    N - +5 morningstar
rCold   . . .      Faith    .    F - +0 buckler
rNeg    + . .      Spirit   .    E - +0 plate armour
rPois   .          Reflect  .    (helmet restricted)
rElec   .          Harm     .    (no cloak)
rCorr   .          Rampage  .    (no gloves)
Will    +++..                    (no boots)
Stlth   ..........               (no amulet)
HPRegen 1.42/turn                y - ring of willpower
MPRegen 0.11/turn                I - ring of positive energy

@: berserking, strong-willed, regenerating, very quick
A: horns 2, retaliatory headbutt
a: Renounce Religion, Berserk, Trog's Hand, Brothers in Arms


You were on level 8 of the Dungeon.
You worshipped Trog.
Trog was greatly pleased with you.
You visited 1 branch of the dungeon, and saw 8 of its levels.

You collected 546 gold pieces.

Inventory:

Hand Weapons
 a - a +0 hand axe
 o - a +0 sling
 q - a +0 spectral whip
 H - a +0 war axe
 M - a +5 hand axe
 N - a +5 morningstar (weapon)
 O - a +1 shortbow of flaming
Missiles
 l - a throwing net
Armour
 b - a +0 animal skin
 h - a +4 ring mail
 E - a +0 plate armour (worn)
 F - a +0 buckler (worn)
 L - +1 acid dragon scales
Jewellery
 v - a ring of fire
 y - a ring of willpower (left hand)
 I - a ring of positive energy (right hand)
Wands
 C - a wand of charming (12)
Scrolls
 c - 12 scrolls of identify {unknown}
 d - 3 scrolls of poison {unknown}
 f - 2 scrolls of noise {unknown}
 j - 2 scrolls of enchant weapon {unknown}
 k - 2 scrolls of blinking {unknown}
 m - a scroll of enchant armour {unknown}
 r - a scroll of magic mapping {unknown}
 s - 3 scrolls of torment {unknown}
 u - 5 scrolls of vulnerability {unknown}
 w - 3 scrolls of silence {unknown}
 z - 4 scrolls of teleportation {unknown}
 A - a scroll of fog {unknown}
 G - a scroll of immolation {unknown}
 J - a scroll of brand weapon {unknown}
Potions
 e - 3 potions of brilliance {unknown}
 g - 2 potions of haste {unknown}
 i - 6 potions of curing {unknown}
 n - 4 potions of mutation {unknown}
 p - 4 potions of flight {unknown}
 x - a potion of invisibility {unknown}
 B - 3 potions of degeneration {unknown}
 D - 2 potions of magic {unknown}
 K - a potion of heal wounds {unknown}
 P - a potion of berserk rage {unknown}


   Skills:
 + Level 8.4 Fighting
 - Level 11.2(11.3) Axes
 + Level 1.0(7.2) Maces & Flails
 + Level 8.0 Armour
 + Level 7.4 Dodging
 + Level 2.7 Shields


You had 9 spell levels left.
You didn't know any spells.
Your spell library was empty.

Dungeon Overview and Level Annotations

Branches:
Dungeon (8/15)             Temple (0/1) D:4
   Lair: D:8-11

Altars:
Ashenzari
Dithmenos
Elyvilon
Fedhas
Okawaru
Sif Muna
Trog
Uskayaw
Vehumet
Wu Jian
Yredelemnul
The Shining One

Annotations:
D:3 exclusion: statue
D:8 Grum


Innate Abilities, Weirdness & Mutations

You have a pair of horns on your head.
You reflexively headbutt those who attack you in melee.


Message History

Trog accepts your kill. The wolf bites you. You block the wolf's attack.
You block the ice beast's attack.
Grum hits you from afar with a +0 halberd!
Your Armour skill increases to level 8!
You have reached level 10!
You impale the ice beast!!
You feel the power of Trog in you as your rage grows.
You kill the ice beast!
Trog accepts your kill.
You can now call in reinforcements.
The wolf bites you but does no damage. The wolf bites you. x2
The wolf bites you but does no damage.
Your base Maces & Flails skill increases to level 1!
You closely miss the wolf. The wolf bites you but does no damage.
Grum hits you from afar with a +0 halberd!
* * * LOW HITPOINT WARNING * * *
The wolf bites you but does no damage. x2
You miss the wolf. The wolf bites you but does no damage. The wolf bites you.
* * * LOW HITPOINT WARNING * * *
The wolf bites you!
* * * LOW HITPOINT WARNING * * *
Grum hits you from afar with a +0 halberd!
* * * LOW HITPOINT WARNING * * *
The wolf bites you.
* * * LOW HITPOINT WARNING * * *
The wolf attacks as you move away! The wolf bites you but does no damage.
The wolf attacks as you move away! The wolf bites you but does no damage.
You feel a strong urge to attack something.
You miss the wolf. Your headbutt misses the wolf. The wolf barely misses you.
You block the wolf's attack.
You miss the wolf. You headbutt the wolf!
The wolf is severely wounded.
The wolf bites you but does no damage. x2
Grum shouts, "Release the hounds!"
The wolf bites you!
* * * LOW HITPOINT WARNING * * *
You barely miss the wolf.
The wolf is severely wounded.
The wolf bites you!
You die...

#.....#...#...#....
.......#.....'...#...'##'#
.......#.....#...#...#..#.
.......#(....#...#...#..#+
.......#.....#...#...#..#.
.......#.....#...#...'..+.
.......#....###..#...#..#.
#....g##h#####..###.#..#+
#....hSh@........ #.#..#.
#.....#h........ #.+##'#
#.....#......... #.#....
#.....#...####.. #.#....
#.....##...# # ..###+#
#..... ..... #.. #.....
...... #.. #.....#.......
#.. ##.


You could see Grum, a water moccasin, a black bear and 3 wolves.

Vanquished Creatures
  Maggie (D:7)
  4 yaks (D:5)
  A water moccasin (D:7)
  2 black bears
  An ice beast (D:8)
  2 orc warriors
  2 ogres
  3 phantoms
  2 centaurs
  3 bullfrogs (D:7)
  4 scorpions
  A necrophage (D:5)
  7 wights (D:7)
  A howler monkey (D:8)
  4 jellies
  5 orc priests
  4 hounds
  An iguana (D:4)
  3 orc wizards
  11 adders
  7 gnolls
  A worm (D:2)
  2 dart slugs
  25 orcs
  7 ball pythons
  7 bats
  11 endoplasms
  7 giant cockroaches
  12 hobgoblins
  4 jackals (D:1)
  4 quokkas
  4 frilled lizards
  7 goblins
  11 kobolds
  4 rats
175 creatures vanquished.

Vanquished Creatures (collateral kills)
  A manticore (D:6)
1 creature vanquished.

Vanquished Creatures (others)
  2 fungi (D:2)
  11 toadstools (D:2)
13 creatures vanquished.

Grand Total: 189 creatures vanquished

Notes
Turn   | Place    | Note
-------+----------+-------------------------------------------
     0 | D:1      | a11behringer the Minotaur Berserker began the quest for the
                  | Orb.
     0 | D:1      | Reached XP level 1. HP: 19/19 MP: 0/0
   148 | D:1      | Reached XP level 2. HP: 12/27 MP: 1/1
   293 | D:1      | Reached skill level 4 in Axes
   296 | D:1      | Found a faded altar of an unknown god.
   523 | D:1      | Reached ** piety under Trog
   875 | D:2      | Reached XP level 3. HP: 32/33 MP: 2/2
  1195 | D:2      | Reached XP level 4. HP: 28/40 MP: 3/3
  1208 | D:2      | Reached skill level 5 in Axes
  1304 | D:2      | Reached XP level 5. HP: 47/47 MP: 4/4
  1838 | D:3      | Found an iron altar of Okawaru.
  2265 | D:3      | Noticed an ogre
  2270 | D:3      | Killed an ogre
  2271 | D:3      | Reached skill level 6 in Axes
  2271 | D:3      | Reached XP level 6. HP: 55/55 MP: 5/5
  2405 | D:3      | Found a radiant altar of Vehumet.
  2773 | D:4      | Reached *** piety under Trog
  2820 | D:4      | Found a staircase to the Ecumenical Temple.
  2927 | D:4      | Reached skill level 5 in Fighting
  3172 | D:4      | Reached XP level 7. HP: 61/61 MP: 6/6
  3404 | D:5      | Entered Level 5 of the Dungeon
  3482 | D:5      | Reached skill level 7 in Axes
  3581 | D:5      | Reached skill level 5 in Armour
  3725 | D:5      | Reached skill level 8 in Axes
  3725 | D:5      | Reached skill level 5 in Dodging
  3725 | D:5      | Reached XP level 8. HP: 70/70 MP: 7/7
  3853 | D:5      | Reached **** piety under Trog
  3867 | D:5      | Reached skill level 9 in Axes
  4067 | D:5      | Found a blossoming altar of Fedhas.
  4200 | D:5      | Found an ornate altar of the Wu Jian Council.
  4308 | D:6      | Found a broken altar of Ashenzari.
  4590 | D:6      | Found a shadowy altar of Dithmenos.
  4597 | D:6      | Reached XP level 9. HP: 79/79 MP: 8/8
  4602 | D:6      | Found a glowing golden altar of the Shining One.
  4610 | D:6      | Found a bloodstained altar of Trog.
  4611 | D:6      | Noticed a manticore
  4617 | D:6      | Killed a manticore
  4618 | D:6      | Reached skill level 10 in Axes
  5201 | D:7      | Noticed Maggie
  5213 | D:7      | Killed Maggie
  5324 | D:7      | Reached skill level 1 in Shields
  5476 | D:7      | Found a white marble altar of Elyvilon.
  5577 | D:7      | Reached skill level 11 in Axes
  5950 | D:7      | Found a hide-covered altar of Uskayaw.
  6020 | D:7      | Found a shimmering blue altar of Sif Muna.
  6417 | D:8      | Found a basalt altar of Yredelemnul.
  6705 | D:8      | Noticed Grum
  6714 | D:8      | Reached XP level 10. HP: 50/90 MP: 9/9
  6715 | D:8      | Reached skill level 1 in Maces & Flails
  6720 | D:8      | HP: 5/135 [wolf[Grum] (7)]
  6721 | D:8      | Slain by a wolf

Illustrated notes

Levels and vault maps discovered:
D:1:      minmay_arrival_three_doors, layout_loops_ring,
          shapermc_ecumenical_altar_starsandcircs, hex_tiny
D:2:      cheibrodos_fertilizer, layout_loops_ring, minmay_surrounded
D:3:      layout_loops_ring, vehumet_statue,
          hellmonk_okawaru_the_only_friend_you_need, eino_tiny_chamber,
          nicolae_underground_beach
D:4:      layout_rooms, temple_green
D:5:      layout_rooms, pdpol_wu_jian_five_deadly_venoms, fedhas_altar_1
D:6:      layout_basic, overflow_temple_1_default, tso_oasis_becter,
          overflow_temple_1_default, mainiacjoe_overflow_surrounded_room
D:7:      layout_loops_ring, elyvilon_altar_3, led_sif_book,
          kennysheep_mini_moat, uniq_maggie
D:8:      layout_gridville, mainiacjoe_overflow_24_doors, serial_shops,
          nicolae_shop_stone, uniq_grum

Skill      XL: |  1  2  3  4  5  6  7  8  9 10 |
---------------+-------------------------------+-----
Axes           | 4 5 6 8 9 11 | 11.2
Fighting       | 4 5 6 7 8 |  8.4
Armour         | 3 4 5 6 8 |  8.0
Dodging        | 3 4 5 6 7 |  7.4
Shields        | 2 |  2.7
Maces & Flails | 1 |  1.0

Action                   |  1- 3 |  4- 6 |  7- 9 | 10-12 || total
-------------------------+-------+-------+-------+-------++-------
Melee: Hand axe          |    89 |   111 |   138 |       ||   338
       Headbutt          |    10 |    16 |    44 |     1 ||    71
       Punch             |       |       |     1 |       ||     1
       War axe           |       |       |    82 |       ||    82
       Morningstar       |       |       |    21 |     6 ||    27
 Fire: Shortbow          |       |       |     5 |       ||     5
Throw: Dart              |       |       |     8 |       ||     8
       Throwing net      |       |       |     2 |       ||     2
Invok: Berserk           |     1 |     4 |     5 |       ||    10
       Trog's Hand       |       |     1 |     3 |       ||     4
       Brothers in Arms  |       |       |     1 |       ||     1
 Stab: Sleeping          |     1 |       |       |       ||     1
Armor: Animal skin       |     9 |       |       |       ||     9
       Ring mail         |    16 |    36 |    30 |       ||    82
       Plate armour      |       |       |    75 |    10 ||    85
Dodge: Dodged            |    60 |    63 |   109 |     1 ||   233
Block: Buckler           |       |       |    37 |     1 ||    38

Table legend: (Time is in decaauts)
 A = Elapsed time spent in this place.
 B = Non-inter-level travel time spent in this place.
 C = Inter-level travel time spent in this place.
 D = Time resting spent in this place.
 E = Time spent auto-exploring this place.
 F = Levels seen in this place.
 G = Mean time per level.
                   A        B        C        D        E       F      G
               +--------+--------+--------+--------+--------+-----+--------+
         Total |   6812 |   6469 |    343 |      0 |   5496 |   8 |  851.5 |
       Dungeon |   6812 |   6469 |    343 |      0 |   5496 |   8 |  851.5 |
               +--------+--------+--------+--------+--------+-----+--------+

Top non-repeatable levels by time:
     D:7: 1205 daAuts
     D:3: 989 daAuts
     D:6: 922 daAuts
     D:2: 919 daAuts
     D:5: 884 daAuts
     D:1: 878 daAuts
     D:4: 677 daAuts
     D:8: 335 daAuts
